 Dungeon Crawl Stone Soup version 0.21.1-1-g345015f (console) character file.

7088 fly the Spry (level 10, -11/53 HPs)
             Began as a Spriggan Assassin on May 3, 2018.
             Was an Initiate of Gozag.
             Mangled by a spark wasp (shapeshifter) (14 damage)
             ... on level 1 of the Lair of Beasts.
             The game lasted 00:26:45 (12378 turns).

fly the Spry (Spriggan Assassin)                   Turns: 12378, Time: 00:26:46

Health: -11/53     AC:  3    Str:  7    XL:     10   Next: 84%
Magic:  11/11      EV: 35    Int: 14    God:    Gozag
Gold:   1449       SH:  0    Dex: 28    Spells: 9/9 levels left

rFire    + . .     SeeInvis +   a - +2 dagger (elec)
rCold    . . .     Gourm    .   (shield restricted)
rNeg     . . .     Faith    .   y - +0 robe
rPois    .         Spirit   .   (helmet restricted)
rElec    .         Reflect  .   q - +0 cloak
rCorr    .         Harm     .   (gloves unavailable)
MR       +....     Clarity  +   (boots unavailable)
Stlth    +++++++...             E - amulet "Hynyatag" {rF+ Regen+ Stlth+}
HPRegen  0.17/turn              r - +6 ring of dexterity
MPRegen  0.12/turn              (no ring)

@: very quick
A: very small, unfitting armour, see invisible, agile 1, clarity, herbivore,
speed 3, slow metabolism 2
a: Potion Petition, Call Merchant, Bribe Branch, Renounce Religion


You were on level 1 of the Lair of Beasts.
You worshipped Gozag.
Gozag was most pleased with you.
You were hungry.

You visited 3 branches of the dungeon, and saw 10 of its levels.

You collected 1499 gold pieces.
You paid 50 gold pieces to Gozag.

Inventory:

Hand Weapons
 a - a +2 dagger of electrocution (weapon)
 b - a +4 quarterstaff of chaos
 w - a +0 blowgun
Missiles
 t - 10 poisoned needles
Armour
 q - a +0 cloak (worn)
 y - a +0 robe (worn)
Jewellery
 r - a +6 ring of dexterity (left hand)
 E - the amulet "Hynyatag" (around neck) {rF+ Regen+ Stlth+}
   (You took it off an orc wizard on level 8 of the Dungeon)

   [amulet of regeneration]

   It protects you from fire.
   It increases your rate of regeneration.
   It makes you more stealthy.
Wands
 s - a wand of enslavement (22)
 x - a wand of random effects (29)
 A - a wand of flame (12)
 G - a wand of digging (6)
Scrolls
 e - a scroll of enchant armour
 f - 3 scrolls of amnesia
 h - 4 scrolls of remove curse
 i - a scroll of fog
 k - 2 scrolls of teleportation
 m - a scroll of blinking
 u - 2 scrolls of noise
 D - a scroll of enchant weapon {unknown}
 F - a scroll of magic mapping {unknown}
 H - 2 scrolls of vulnerability {unknown}
Potions
 c - 3 potions of brilliance
 d - 2 potions of lignification
 j - 5 potions of might
 l - a potion of cancellation
 n - 2 potions of magic
 p - 2 potions of mutation
 v - 2 potions of agility
 z - 3 potions of heal wounds
 B - a potion of haste
 C - 2 potions of curing
Books
 o - a book of Conjurations

   Spells                             Type                      Level
   a - Magic Dart                     Conjuration                  1
   b - Searing Ray                    Conjuration                  2
   c - Dazzling Spray                 Conjuration/Hexes            3
   d - Fulminant Prism                Conjuration/Hexes            4
   e - Force Lance                    Conjuration/Translocation    4
   f - Iskenderun's Mystic Blast      Conjuration                  4
Comestibles
 g - 14 rations


   Skills:
 - Level 6.0 Fighting
 - Level 6.0 Short Blades
 - Level 2.0 Throwing
 - Level 15.0 Dodging
 + Level 14.3 Stealth


You had 9 spell levels left.
You didn't know any spells.

Dungeon Overview and Level Annotations

Branches:
Dungeon (8/15)             Temple (1/1) D:4            Lair (1/6) D:8

Altars:
Ashenzari
Cheibriados
Dithmenos
Elyvilon
Fedhas
Gozag
Hepliaklqana
Kikubaaqudgha
Makhleb
Nemelex Xobeh
Okawaru
Qazlal
Ru
Sif Muna
Trog
Uskayaw
Vehumet
Wu Jian
Xom
Yredelemnul
Zin
The Shining One

Annotations:
D:4 Menkaure


Innate Abilities, Weirdness & Mutations

You are very small and have problems with some larger weapons.
You are too small for most types of armour.
You have supernaturally acute eyesight. (SInv)
You are a herbivore.
You cover ground extremely quickly.
You need consume almost no food.
You are agile. (Dex +2)
You possess an exceptional clarity of mind.


Message History

Aiming: Random Effects
Press: ? - help, Shift-Dir - straight line, f/p - spark wasp
Aim: a spark wasp (hasn't noticed you)
The spark wasp buzzes angrily.
The spark wasp seems to speed up.
The spark wasp bursts into living lightning!
The living lightning misses you.
The spark wasp blinks! x2
The spark wasp completely misses you.
Evoke which item? (* to show all) (? for menu, Esc to quit)
Aiming: Random Effects
Press: ? - help, Shift-Dir - straight line, f/p - spark wasp
Aim: a spark wasp (fast)
The bolt of poison hits the spark wasp.
The spark wasp is poisoned.
The spark wasp is moderately wounded.
The spark wasp stings you!!
Ouch! That really hurt!
* * * LOW HITPOINT WARNING * * *
The spark wasp shocks you!
You die...
Your body crumbles into a pile of gold.

....P...............#.....#
....................##...##
......P..###....##ยง.##...#
.....P...##.............##
........................#
..P.......#.##.........##
.........##.###........#
.........##.. #.y####..#
.........##.####@# #..#
#......##.#.#.##.####Y.####
..............#...........#
..............P..........##
..........................#
.............$.............#
............................#
#............................
##..................:.....###


You could see a spark wasp.

Vanquished Creatures
  A two-headed ogre (D:8)
  A black mamba (Lair:1)
  A komodo dragon (Lair:1)
  2 hippogriffs
  Sigmund (D:6)
  A wyvern (D:8)
  A spriggan (D:7)
  6 yaks (Lair:1)
  Grum (D:8)
  3 wargs (D:8)
  Duvessa (D:4)
  2 water moccasins
  2 orc warriors (D:7)
  An ice beast (D:5)
  A sky beast (D:5)
  A necrophage (D:8)
  2 ogres
  5 wolves
  3 centaurs
  A crocodile (Lair:1)
  9 bullfrogs
  Dowan (D:4)
  A scorpion (D:6)
  2 howler monkeys (D:8)
  A bullfrog zombie (D:8)
  3 crimson imps
  2 hounds
  5 orc wizards
  Crazy Yiuf (D:6)
  3 bullfrog skeletons
  2 orc priests
  2 centaur skeletons
  2 iguanas
  5 worker ants
  A hound skeleton (D:5)
  A hound zombie (D:6)
  Robin (D:3)
  A gnoll (D:1)
  12 adders
  An ooze (D:5)
  2 adder skeletons
  2 worms (D:2)
  4 leopard geckos
  26 orcs
  2 ball pythons
  4 giant cockroaches
  18 goblins
  7 hobgoblins
  11 jackals
  4 kobolds
  4 quokkas
  7 bats
  4 frilled lizards
  A giant cockroach zombie (D:5)
  A leopard gecko zombie (D:6)
  2 quokka skeletons
  A quokka zombie (D:5)
  8 rats
201 creatures vanquished.

Vanquished Creatures (others)
  2 yaks (Lair:1)
  2 plants (Lair:1)
4 creatures vanquished.

Grand Total: 205 creatures vanquished

Notes
Turn   | Place    | Note
-------+----------+-------------------------------------------
     0 | D:1      | fly the Spriggan Assassin began the quest for the Orb.
     0 | D:1      | Reached XP level 1. HP: 10/10 MP: 2/2
    24 | D:1      | Reached skill level 2 in Dodging
    24 | D:1      | Reached XP level 2. HP: 15/15 MP: 3/3
   836 | D:1      | Reached XP level 3. HP: 18/18 MP: 4/4
  1176 | D:2      | Reached skill level 3 in Dodging
  1946 | D:2      | Reached XP level 4. HP: 18/23 MP: 5/5
  2438 | D:2      | Found a stormy altar of Qazlal.
  2558 | D:3      | Noticed Robin
  2563 | D:3      | Found a white marble altar of Elyvilon.
  2873 | D:3      | Killed Robin
  2967 | D:3      | Reached skill level 4 in Dodging
  3368 | D:3      | Reached XP level 5. HP: 28/28 MP: 6/6
  3510 | D:4      | Found a deep blue altar of Sif Muna.
  3584 | D:4      | Found a basalt altar of Yredelemnul.
  3595 | D:4      | Reached skill level 5 in Dodging
  3596 | D:4      | Found a blossoming altar of Fedhas.
  3596 | D:4      | Noticed Duvessa
  3596 | D:4      | Noticed Dowan
  3597 | D:4      | Found an iron altar of Okawaru.
  3597 | D:4      | Noticed Menkaure
  3681 | D:4      | Killed Duvessa
  3681 | D:4      | Reached skill level 7 in Dodging
  3681 | D:4      | Reached XP level 6. HP: 19/32 MP: 7/7
  3688 | D:4      | Gained mutation: You are agile. (Dex +2) [potion of mutation]
  3688 | D:4      | Gained mutation: You possess an exceptional clarity of mind. [potion of mutation]
  4027 | D:4      | Found a staircase to the Ecumenical Temple.
  4042 | Temple   | Entered the Ecumenical Temple
  4301 | Temple   | Became a worshipper of Gozag Ym Sagoz the Greedy
  4409 | D:4      | Found a sparkling altar of Nemelex Xobeh.
  4409 | D:4      | Found a glowing silver altar of Zin.
  4410 | D:4      | Found a shadowy altar of Dithmenos.
  4445 | D:5      | Entered Level 5 of the Dungeon
  4564 | D:5      | Noticed an ice beast
  6013 | D:5      | Found a shimmering altar of Xom.
  6028 | D:5      | Reached XP level 7. HP: 36/36 MP: 8/8
  6234 | D:5      | Reached skill level 5 in Short Blades
  6788 | D:6      | Found a sacrificial altar of Ru.
  7033 | D:5      | Found an ornate altar of the Wu Jian Council.
  7211 | D:5      | Reached skill level 8 in Dodging
  7211 | D:5      | Reached XP level 8. HP: 27/40 MP: 9/9
  7596 | D:4      | Reached skill level 9 in Dodging
  7763 | D:4      | Found a snail-covered altar of Cheibriados.
  7980 | D:4      | Killed Dowan
  8800 | D:6      | Reached skill level 10 in Stealth
  8877 | D:6      | Found a runed door.
  8956 | D:6      | Noticed Sigmund
  9014 | D:6      | Killed Sigmund
  9108 | D:6      | Noticed Crazy Yiuf
  9112 | D:6      | Killed Crazy Yiuf
  9186 | D:7      | Found a shimmering altar of Xom.
  9238 | D:7      | Reached skill level 10 in Dodging
  9388 | D:7      | Reached XP level 9. HP: 44/44 MP: 10/10
  9652 | D:7      | Reached skill level 11 in Dodging
  9756 | D:7      | Reached skill level 12 in Dodging
  9796 | D:7      | Found a radiant altar of Vehumet.
 10286 | D:8      | Reached skill level 13 in Dodging
 10333 | D:8      | Reached skill level 14 in Dodging
 10341 | D:8      | Got a clouded ruby amulet
 10466 | D:8      | Found a staircase to the Lair.
 10569 | D:8      | Noticed a two-headed ogre
 10628 | D:8      | Killed a two-headed ogre
 10628 | D:8      | Reached XP level 10. HP: 49/49 MP: 11/11
 10840 | D:8      | Noticed Grum
 10903 | D:8      | Killed Grum
 10903 | D:8      | Reached skill level 15 in Dodging
 11361 | Lair:1   | Entered Level 1 of the Lair of Beasts
 11691 | Lair:1   | Noticed a spiny frog
 11739 | Lair:1   | a spiny frog changed into a soldier ant
 11792 | Lair:1   | HP: 2/51 [jumping spider (shapeshifter) (11)]
 12119 | Lair:1   | Reached skill level 5 in Fighting
 12230 | Lair:1   | Noticed a black mamba
 12236 | Lair:1   | Killed a black mamba
 12376 | Lair:1   | Noticed a spark wasp
 12376 | Lair:1   | Identified the amulet "Hynyatag" {rF+ Regen+ Stlth+} (You took it off an orc wizard on level 8 of the Dungeon)
 12378 | Lair:1   | Mangled by a spark wasp (shapeshifter)

Skill      XL: |  1  2  3  4  5  6  7  8  9 10 |
---------------+-------------------------------+-----
Dodging        | 2 3 4 7 8 10 14 15 | 15.0
Fighting       | 2 3 6 |  6.0
Short Blades   | 3 4 6 |  6.0
Stealth        | 6 7 9 12 14 | 14.3
Throwing       | |  2.0

Action                   |  1- 3 |  4- 6 |  7- 9 | 10-12 || total
-------------------------+-------+-------+-------+-------++-------
Melee: Dagger            |   129 |   360 |   463 |    29 ||   981
       Quarterstaff      |       |       |   144 |   159 ||   303
 Fire: Blowgun           |       |    10 |    33 |       ||    43
Evoke: Wand              |       |       |       |     5 ||     5
  Use: Scroll            |       |     8 |     7 |     2 ||    17
       Potion            |       |     6 |       |       ||     6
 Stab: Sleeping          |    10 |    15 |    19 |     3 ||    47
       Distracted        |       |     1 |     8 |     2 ||    11
       Paralysed         |       |       |     3 |       ||     3
       Confused          |       |       |     1 |       ||     1
       Petrifying        |       |       |       |     1 ||     1
  Eat: Ration            |       |     1 |     3 |     1 ||     5
Armor: Robe              |     8 |    18 |    20 |     3 ||    49
Dodge: Dodged            |    81 |   271 |   488 |   296 ||  1136
